 Dungeon Crawl Stone Soup version 0.20.1-1-g8b1a95d (webtiles) character file.

12001 moscheto the Spear-Bearer (level 11, -1/90 HPs)
             Began as a Red Draconian Gladiator on Dec 24, 2017.
             Slain by a two-headed ogre
             ... wielding a +0 giant club
              (7 damage)
             ... on level 2 of the Orcish Mines.
             The game lasted 00:51:36 (9333 turns).

moscheto the Spear-Bearer (Red Draconian Gladiator) Turns: 9333, Time: 00:51:37

Health: -1/90      AC: 10    Str: 16 (18) XL:     11   Next: 56%
Magic:  11/11      EV: 19    Int:  6 (9)  God:
Gold:   724        SH:  0    Dex: 13 (14) Spells: 10/10 levels left

rFire    + . .     SeeInvis .   M - +2 spear (distort)
rCold    + . .     Gourm    .   (no shield)
rNeg     . . .     Faith    .   (armour unavailable)
rPois    +         Spirit   .   b - +1 hat
rElec    .         Reflect  .   t - +0 cloak
rCorr    .         Harm     .   h - +0 pair of gloves
MR       .....                  (no boots)
Stlth    +.........             g - amulet of regeneration
Regen    0.7/turn               B - ring of protection from cold
MPRegen  0.2/turn               G - +4 ring of slaying

@: no status effects
A: breathe fire, unfitting armour, talons 1, deterioration 1, fire resistance 1,
poison resistance, cold-blooded, AC +7
a: Breathe Fire


You were on level 2 of the Orcish Mines.
You were full.

You visited 2 branches of the dungeon, and saw 13 of its levels.

You collected 1241 gold pieces.
You spent 517 gold pieces at shops.

Inventory:

Hand Weapons
 a - a +0 trident
 k - a +0 hunting sling
 M - a +2 spear of distortion (weapon)
Missiles
 c - 3 throwing nets
 l - 145 sling bullets
 p - 2 javelins (quivered)
 u - 15 tomahawks
 O - 7 curare-tipped needles
Armour
 b - a +1 hat (worn)
 h - a +0 pair of gloves (worn)
 t - a +0 cloak (worn)
Jewellery
 g - an amulet of regeneration (around neck)
 B - a ring of protection from cold (left hand)
 G - a +4 ring of slaying (right hand)
 N - a +5 ring of dexterity {unknown}
Wands
 m - a wand of scattershot (4/9)
 w - a wand of lightning (6/15)
 y - a wand of flame (33/48)
 C - a wand of iceblast (10/15)
 D - a wand of random effects (20/48)
 E - a wand of random effects (16/48)
 F - a wand of disintegration (10/24)
 I - a wand of digging (0/24)
 J - a wand of flame (10/48)
Scrolls
 e - 4 scrolls of teleportation
 n - 3 scrolls of recharging
 r - 7 scrolls of remove curse
 H - 2 scrolls of amnesia
 K - a scroll of identify
Potions
 d - a potion of might
 i - 2 potions of flight
 o - a potion of agility {unknown}
 q - 2 potions of degeneration {unknown}
 s - 2 potions of lignification
 x - 2 potions of brilliance
 z - 2 potions of cancellation
 L - a potion of resistance {unknown}
Comestibles
 f - 10 fruits
 j - 2 meat rations
 v - 6 bread rations
 A - a royal jelly


   Skills:
 + Level 6.3 Fighting
 - Level 12.3 Polearms
 - Level 1.9 Throwing
 - Level 12.0 Dodging


You had 10 spell levels left.
You didn't know any spells.

Dungeon Overview and Level Annotations

Branches:
Dungeon (11/15)            Temple (0/1) D:5            Lair (0/6) D:11
    Orc (2/2) D:11
    Elf: Orc:2

Altars:
Ashenzari
Cheibriados
Gozag
Okawaru
Xom
Yredelemnul
The Shining One

Shops:
D:4 :   D:7 !:   Orc:1 }


Innate Abilities, Weirdness & Mutations

You can breathe blasts of fire.
Your fiery red scales are hard. (AC +7)
You cannot fit into any form of body armour.
Your flesh is heat resistant. (rF+)
You are cold-blooded and may be slowed by cold attacks.
You have sharp toenails.
Your body sometimes deteriorates upon taking damage.
Your system is resistant to poisons. (rPois)


Message History

The ogre mage is heavily wounded.
The ogre barely misses you.
The two-headed ogre completely misses you.
The two-headed ogre hits you with a dire flail!
You hit the ogre mage.
The ogre mage is heavily wounded.
The ogre mage blinks!
The two-headed ogre hits you with a giant club!
The two-headed ogre misses you.
You barely miss the two-headed ogre. Your kick misses the two-headed ogre.
The two-headed ogre hits you with a giant spiked club!!
* * * LOW HITPOINT WARNING * * *
Your body deteriorates!
You feel dopey.
The two-headed ogre hits you with a dire flail!
* * * LOW HITPOINT WARNING * * *
Your body deteriorates!
You feel weakened. The ogre closely misses you.
The two-headed ogre completely misses you.
The two-headed ogre hits you with a giant spiked club!
You die...

##### #### ##.#..#.#.##
#..........## .
##.......$..#
..#........#..##
..§O...#.......### #
...(........$.O..##.###
...............O......##
..............OO@.......
.....#<....#..O..#.....
.... #..........## ...
......#.......### .
.......$.......#
#..#.............
.......$........
................
.....####..#.....#


You could see 3 two-headed ogres, an ogre mage and an ogre.

Vanquished Creatures
  An ugly thing (D:10)
  An orc knight (Orc:1)
  A cyclops (D:11)
  A gargoyle (D:11)
  A freezing wraith (D:10)
  A troll (D:11)
  Grinder (D:6)
  2 hornets (D:11)
  3 hippogriffs
  A wraith (D:11)
  2 water elementals (D:11)
  5 yaks
  2 wargs (Orc:1)
  Duvessa (D:6)
  8 orc warriors
  5 sky beasts
  2 ice beasts
  A phantom (D:4)
  A black bear (D:6)
  3 ogres
  3 centaurs
  2 big kobolds (D:10)
  A gnoll sergeant (D:7)
  5 bullfrogs
  3 scorpions
  14 killer bees
  Dowan (D:6)
  4 wights (D:7)
  5 electric eels
  A bullfrog zombie (D:5)
  3 howler monkeys (D:11)
  2 crimson imps (D:7)
  A centaur zombie (D:7)
  3 hounds
  2 jellies (D:11)
  A bullfrog skeleton (D:11)
  3 centaur skeletons
  4 orc priests
  12 orc wizards
  An iguana (D:10)
  10 worker ants
  A hound zombie (D:5)
  11 adders
  12 gnolls
  2 shadow imps
  2 oozes (D:2)
  2 worms
  4 dart slugs
  5 leopard geckos
  63 orcs
  14 giant cockroaches
  4 goblins
  6 hobgoblins
  9 jackals
  2 quokkas
  A ball python (D:1)
  7 bats
  5 frilled lizards
  A jackal skeleton (D:3)
  16 kobolds
  A quokka skeleton (D:5)
  10 rats
302 creatures vanquished.

Vanquished Creatures (others)
  A death knight (D:10)
  A centaur skeleton (D:9)
  A freezing wraith (D:10)
  6 yaks
  An orc warrior (D:11)
  A sky beast (D:9)
  A bullfrog (D:9)
  A killer bee (D:10)
  2 orc priests (D:11)
  An orc wizard (D:11)
  A worker ant (D:10)
  2 kobolds (D:11)
  8 plants (D:11)
27 creatures vanquished.

Grand Total: 329 creatures vanquished

Notes
Turn   | Place    | Note
-------+----------+-------------------------------------------
     0 | D:1      | moscheto the Draconian Gladiator began the quest for the Orb.
     0 | D:1      | Reached XP level 1. HP: 17/17 MP: 1/1
   243 | D:1      | Reached XP level 2. HP: 22/24 MP: 2/2
   437 | D:1      | Reached XP level 3. HP: 28/29 MP: 3/3
   846 | D:2      | Found a shimmering altar of Xom.
  1325 | D:1      | Gained mutation: You are dopey. (Int -2) [potion of mutation]
  1325 | D:1      | Gained mutation: You tend to lose your temper in combat. [potion of mutation]
  1325 | D:1      | Gained mutation: Your spells are a little harder to cast, but a little more powerful. [potion of mutation]
  1325 | D:1      | Gained mutation: You passively map a small area around you. [potion of mutation]
  1433 | D:2      | Reached XP level 4. HP: 32/36 MP: 4/4
  1747 | D:3      | Reached XP level 5. HP: 18/41 MP: 5/5
  1772 | D:3      | Reached skill level 5 in Dodging
  2438 | D:3      | Found an iron altar of Okawaru.
  2438 | D:3      | Found an opulent altar of Gozag.
  2559 | D:4      | Found Ohae's Book Shoppe.
  2604 | D:4      | Reached XP level 6. HP: 46/48 MP: 6/6
  2605 | D:4      | Lost mutation: You are dopey. (Int -2) [potion of mutation]
  2605 | D:4      | Lost mutation: You tend to lose your temper in combat. [potion of mutation]
  2605 | D:4      | Lost mutation: You passively map a small area around you. [potion of mutation]
  2605 | D:4      | Lost mutation: Your spells are a little harder to cast, but a little more powerful. [potion of mutation]
  2605 | D:4      | Gained mutation: You are robust. (+10% HP) [potion of mutation]
  2605 | D:4      | Gained mutation: You tend to lose your temper in combat. [potion of mutation]
  2605 | D:4      | Gained mutation: You have very sharp teeth. [potion of mutation]
  2605 | D:4      | Gained mutation: You have a pair of small horns on your head. [potion of mutation]
  2758 | D:4      | Found a basalt altar of Yredelemnul.
  2851 | D:4      | Your scales start taking on a fiery red colour.
  2851 | D:4      | Reached XP level 7. HP: 26/60 MP: 7/7
  2851 | D:4      | Gained mutation: Your flesh is heat resistant. (rF+) [Red Draconian growth]
  3122 | D:4      | Found a glowing golden altar of the Shining One.
  3364 | D:5      | Entered Level 5 of the Dungeon
  3414 | D:5      | Found a transporter.
  3438 | D:5      | Found a transporter.
  3686 | D:5      | Found a staircase to the Ecumenical Temple.
  3887 | D:6      | Noticed Grinder
  3909 | D:6      | Noticed Duvessa
  3909 | D:6      | Noticed Dowan
  3917 | D:6      | Killed Dowan
  3933 | D:6      | Killed Duvessa
  3968 | D:6      | Reached XP level 8. HP: 34/67 MP: 8/8
  4032 | D:6      | Paralysed by Grinder for 7 turns
  4039 | D:6      | Killed Grinder
  4212 | D:6      | Reached skill level 10 in Dodging
  4840 | D:7      | Found Vaiwogom's Distillery.
  4859 | D:7      | Reached XP level 9. HP: 73/73 MP: 9/9
  4863 | D:7      | Bought a potion of mutation for 88 gold pieces
  4863 | D:7      | Bought a potion of curing for 33 gold pieces
  4863 | D:7      | Bought a potion of heal wounds for 55 gold pieces
  4863 | D:7      | Bought a potion of heal wounds for 55 gold pieces
  4863 | D:7      | Bought a potion of heal wounds for 55 gold pieces
  4863 | D:7      | Bought a potion of mutation for 88 gold pieces
  4863 | D:7      | Bought a potion of curing for 33 gold pieces
  4863 | D:7      | Bought a potion of haste for 110 gold pieces
  4863 | D:7      | Lost mutation: You tend to lose your temper in combat. [potion of mutation]
  4863 | D:7      | Lost mutation: You are robust. (+10% HP) [potion of mutation]
  4863 | D:7      | Lost mutation: You have a pair of small horns on your head. [potion of mutation]
  4863 | D:7      | Gained mutation: Your magical capacity is low. (-10% MP) [potion of mutation]
  4863 | D:7      | Gained mutation: Your large and strong wings let you fly indefinitely. [potion of mutation]
  4864 | D:7      | Lost mutation: Your magical capacity is low. (-10% MP) [potion of mutation]
  4864 | D:7      | Lost mutation: Your large and strong wings let you fly indefinitely. [potion of mutation]
  4864 | D:7      | Lost mutation: You have very sharp teeth. [potion of mutation]
  4864 | D:7      | Gained mutation: Your system is resistant to poisons. (rPois) [potion of mutation]
  4864 | D:7      | Gained mutation: Your body sometimes deteriorates upon taking damage. [potion of mutation]
  4864 | D:7      | Gained mutation: You have sharp toenails. [potion of mutation]
  4908 | D:7      | Found Jesosoc's Book Shop.
  5128 | D:7      | Found a shattered altar of Ashenzari.
  5877 | D:9      | Reached skill level 5 in Polearms
  5925 | D:9      | Found a snail-covered altar of Cheibriados.
  6106 | D:9      | Reached XP level 10. HP: 70/73 MP: 10/10
  6350 | D:10     | Entered Level 10 of the Dungeon
  6806 | D:11     | Noticed a gargoyle
  6819 | D:11     | Noticed a cyan ugly thing
  6841 | D:10     | Killed a cyan ugly thing
  6930 | D:11     | Noticed a death knight
  6969 | D:10     | Reached skill level 10 in Polearms
  7090 | D:10     | Banished a death knight
  7177 | D:11     | Found a staircase to the Lair.
  7247 | D:11     | Killed a gargoyle
  7250 | D:11     | Reached XP level 11. HP: 53/79 MP: 11/11
  8044 | D:11     | Found a staircase to the Orcish Mines.
  8072 | D:11     | Found a glowing golden altar of the Shining One.
  8475 | Orc:1    | Entered Level 1 of the Orcish Mines
  8626 | Orc:1    | Noticed an orc knight
  8653 | Orc:1    | Reached skill level 5 in Fighting
  8702 | Orc:1    | Killed an orc knight
  8789 | Orc:1    | Found Guh Beoli's Gadget Shop.
  9309 | Orc:2    | Entered Level 2 of the Orcish Mines
  9309 | Orc:2    | Noticed a two-headed ogre
  9312 | Orc:2    | Noticed a two-headed ogre
  9313 | Orc:2    | Noticed an ogre mage
  9314 | Orc:2    | Noticed a two-headed ogre
  9315 | Orc:2    | Noticed a two-headed ogre
  9331 | Orc:2    | HP: 4/90 [two-headed ogre/giant spiked club (17)]
  9333 | Orc:2    | Slain by a two-headed ogre

Skill      XL: |  1  2  3  4  5  6  7  8  9 10 11 |
---------------+----------------------------------+-----
Dodging        | 3 4 5 7 8 10 12 | 12.0
Polearms       | 7 11 12 | 12.3
Fighting       | 6 |  6.3
Throwing       | |  1.9

Action                   |  1- 3 |  4- 6 |  7- 9 | 10-12 || total
-------------------------+-------+-------+-------+-------++-------
Melee: Trident           |   136 |   221 |   329 |       ||   686
       Tailslap          |    13 |    23 |    38 |    46 ||   120
       Headbutt          |       |    10 |    41 |       ||    51
       Bite              |       |    10 |    21 |       ||    31
       Spear             |       |       |    65 |   429 ||   494
       Kick              |       |       |    34 |   105 ||   139
Throw: Throwing net      |       |     1 |       |     2 ||     3
       Javelin           |       |       |       |    10 ||    10
 Abil: Breathe Fire      |       |       |     5 |     4 ||     9
Evoke: Wand              |       |       |     1 |    10 ||    11
  Use: Scroll            |     6 |     2 |     5 |     1 ||    14
       Potion            |     2 |     1 |     8 |     9 ||    20
 Stab: Sleeping          |     3 |       |     1 |     1 ||     5
       Distracted        |       |     1 |       |       ||     1
  Eat: Bread ration      |     1 |       |       |     1 ||     2
       Meat ration       |       |     1 |     1 |     2 ||     4
       Fruit             |       |       |     3 |       ||     3
       Chunk             |       |       |     2 |     2 ||     4
Armor: Skin              |    28 |    45 |    77 |    40 ||   190
Dodge: Dodged            |    74 |   199 |   375 |   273 ||   921
